 Dungeon Crawl Stone Soup version 0.31-a0-195-g7586a6f1e9 (webtiles) character file.

Game seed: 9843084908839082843

14553 qw the Markself (level 11, -22/67 HPs)
             Began as a Deep Elf Hunter on June 24, 2023.
             Was a High Priest of Okawaru.
             Annihilated by a yak (35 damage)
             ... on level 1 of the Lair of Beasts.
             The game lasted 00:04:15 (10483 turns).

qw the Markself (Deep Elf Hunter)                  Turns: 10483, Time: 00:04:15

Health: -22/67     AC: 14    Str: 12    XL:     11   Next: 90%
Magic:  19/20      EV:  2    Int: 15    God:    Okawaru [*****.]
Gold:   155        SH:  0    Dex: 24    Spells: 10/10 levels left

rFire   + . .        j - +5 orcbow (drain)
rCold   . . .        (shield currently unavailable)
rNeg    . . .        v - +2 ring mail {rF+}
rPois   .            k - +0 helmet
rElec   .            q - +1 cloak
rCorr   .            b - +1 pair of gloves {infuse}
SInv    .            (no boots)
Will    +....        t - amulet of faith
Stlth   +++          g - +6 ring of dexterity
HPRegen 0.31/turn    n - +5 ring of evasion
MPRegen 0.17/turn

%: faith, infuse magic (1 MP)
@: about to teleport, sleeping, heroic
A: no striking features
a: Renounce Religion, Heroism, Finesse, Duel


You were on level 1 of the Lair of Beasts.
You worshipped Okawaru.
Okawaru was extremely pleased with you.
You visited 3 branches of the dungeon, and saw 12 of its levels.
You also visited: Ossuary.

You collected 717 gold pieces.
You spent 562 gold pieces at shops.


   Skills:
 - Level 7.0(12.0) Fighting
 - Level 16.0(21.0) Ranged Weapons
 - Level 3.0(8.0) Armour
 + Level 10.6(15.6) Dodging
 - Level 1.2(6.2) Stealth
 - Level 10.0 Invocations


You had 10 spell levels left.
You didn't know any spells.
Your spell library was empty.

Inventory:

Hand Weapons
 j - a +5 orcbow of draining (weapon)
Armour
 b - a +1 pair of gloves of infusion (worn)
 e - a +1 scale mail of cold resistance
 k - a +0 helmet (worn)
 q - a +1 cloak (worn)
 v - a +2 ring mail of fire resistance (worn)
 w - +0 acid dragon scales
Jewellery
 g - a +6 ring of dexterity (left hand)
 n - a +5 ring of evasion (right hand)
 r - the amulet of Poserchake {Reflect Will++ rCorr Int-4 SH+5}
   (You found it on level 5 of the Dungeon)

   [amulet of reflection]

   It reflects blocked missile attacks.
   Int:       It affects your intelligence (-4).
   rCorr:     It protects you from acid and corrosion.
   SH:        It affects your SH (+5).
   Will:      It greatly increases your willpower.
 t - an amulet of faith (around neck)
 u - a ring of protection from fire
Wands
 c - a wand of digging (9)
Scrolls
 a - 3 scrolls of identify
 m - a scroll of teleportation
Potions
 d - 3 potions of resistance
 f - 3 potions of haste
 h - a potion of mutation
 l - a potion of might
 p - 4 potions of curing
 s - 3 potions of enlightenment

Dungeon Overview and Level Annotations

Branches:
Dungeon (10/15)            Temple (1/1) D:5            Lair (1/5) D:10
Ossuary (visited)
    Orc: D:9-12

Altars:
Ashenzari
Cheibriados
Dithmenos
Elyvilon
Fedhas
Gozag
Hepliaklqana
Kikubaaqudgha
Makhleb
Nemelex Xobeh
Okawaru
Qazlal
Ru
Sif Muna
Trog
Uskayaw
Vehumet
Wu Jian
Xom
Yredelemnul
Zin
The Shining One

Shops:
D:4 (   D:9 [

Annotations:
D:3 1 runed translucent door, Crazy Yiuf


Message History

The yak is severely wounded.
The yak gores you but does no damage. The yak gores you!
You shoot an arrow. The arrow hits the yak!
You drain the yak!
The yak is heavily wounded.
The yak completely misses you.
The dream sheep shake their wool and sparkle.
You feel drowsy...
You fall asleep.
The yak gores you!!
You wake up.
10476 ||| INVOKING Heroism.
You gain the combat prowess of a mighty hero.
The yak misses you. The dream sheep bites you.
The dream sheep closely misses you.
You shoot an arrow.
The arrow barely misses the dream sheep.
The dream sheep completely misses you. The yak completely misses you.
The dream sheep misses you.
You shoot an arrow. The arrow hits the dream sheep!!
You kill the dream sheep!
Okawaru accepts your kill. The yak completely misses you.
The yak closely misses you.
Your Invocations skill increases to level 10!
You shoot an arrow. The arrow closely misses the yak.
You shoot an arrow. The arrow hits the yak!
The yak is moderately wounded.
The yak gores you! The yak gores you but does no damage.
The yak completely misses you.
10481 ||| READING 2 scrolls of teleportation.
As you read the scroll of teleportation, it crumbles to dust.
You feel strangely unstable. The yak gores you. The yak barely misses you. x2
The dream sheep completely misses you.
You shoot an arrow. The arrow hits the yak!
You kill the yak!
Okawaru accepts your kill. The yak completely misses you.
The yak barely misses you. x2
The yak closely misses you.
The dream sheep shake their wool and sparkle.
You feel drowsy...
You fall asleep.
The yak gores you!!
Ouch! That really hurt!
You die...

....7.. ## . #.....##......##
.......#......>..+.....#........#
.%......#..............#.......##
....#..#........#......#......#
.......%##.#.#.#.....##......#
..#Y....................#.###.###
.##Y%Y..........Y......#.####+#P#
YYY.YY.........YYY...............
.YYYY........%%Y@................
#####..........YY................
.........######.###..............
.........####.#####..............
..%.#....##......##.....###..#...
....#....#.............#####.##..
....#............##....##....##..
....P....##......##....##........
.........####.#.###....##.....#..


You could see 5 yaks and 2 dream sheep.

Vanquished Creatures
  Harold (D:10)
  Erica (D:9)
  A deep elf pyromancer (D:10)
  Joseph (D:8)
  2 gargoyles (D:10)
  Psyche (D:8)
  An efreet (D:10)
  2 komodo dragons (D:10)
  A kobold demonologist (D:9)
  3 rime drakes
  An ice devil (D:10)
  5 blink frogs (Lair:1)
  4 dream sheep (Lair:1)
  Sigmund (D:3)
  4 wyverns
  3 fire elementals (D:10)
  15 yaks
  4 steam dragons
  2 basilisks (D:10)
  4 vampire mosquitoes (D:10)
  Menkaure (D:7)
  An acid dragon (D:10)
  5 water moccasins
  2 orc warriors
  A black bear (Lair:1)
  2 centaurs
  A phantom (D:5)
  A kobold brigand (D:9)
  4 bullfrogs
  2 gnoll sergeants (D:10)
  A scorpion (D:6)
  11 killer bees
  3 howler monkeys
  4 hounds
  5 orc priests
  A gnoll bouda (D:10)
  A sleepcap (D:8)
  Ijyb (D:3)
  3 iguanas (D:6)
  3 orc wizards
  13 mummies (Ossuary)
  Robin (D:3)
  17 gnolls
  8 adders
  2 white imps (D:7)
  An ufetubus (D:5)
  25 orcs
  2 ball pythons
  10 endoplasms
  3 giant cockroaches
  15 goblins
  7 hobgoblins
  7 jackals
  6 kobolds
  4 quokkas
  4 bats
  4 frilled lizards
  3 gnoll skeletons (Ossuary)
  2 goblin skeletons (Ossuary)
  2 kobold skeletons (Ossuary)
  An orc skeleton (Ossuary)
  8 rats
  11 rat skeletons (Ossuary)
266 creatures vanquished.

Notes
Turn   | Place    | Note
-------+----------+-------------------------------------------
     0 | D:1      | qw the Deep Elf Hunter began the quest for the Orb.
     0 | D:1      | Reached XP level 1. HP: 12/12 MP: 3/3
     0 | D:1      | 0 ||| qw: Version: 0.3-a-9-g12657ce
     0 | D:1      | 0 ||| qw: Game counter: 4760
     0 | D:1      | 0 ||| qw: Always use a shield: true
     0 | D:1      | 0 ||| qw: God list: Okawaru
     0 | D:1      | 0 ||| qw: Allow faded altars: false
     0 | D:1      | 0 ||| qw: Do Orc after D:15 true
     0 | D:1      | 0 ||| qw: Do second Lair branch before Depths: true
     0 | D:1      | 0 ||| qw: Lair rune preference: random
     0 | D:1      | 0 ||| qw: Plans: Normal
     0 | D:1      | 0 ||| PLANNING D:1-11
   108 | D:1      | Reached XP level 2. HP: 16/16 MP: 4/4
   147 | D:1      | Reached skill level 6 in Ranged Weapons
   506 | D:1      | 506 ||| UPGRADING to +1 scale mail of cold resistance.
   516 | D:1      | 516 ||| DROPPING +0 leather armour.
   517 | D:1      | 517 ||| READING scroll labelled CIURGH KE KADO.
   522 | D:1      | 522 ||| READING scroll labelled BOOMICR WY FIT.
   523 | D:1      | 523 ||| DROPPING scroll of butterflies.
   539 | D:2      | Reached XP level 3. HP: 20/20 MP: 5/5
   708 | D:2      | 708 ||| FLEEEEING.
   713 | D:2      | 713 ||| FLEEEEING.
   714 | D:2      | 714 ||| FLEEEEING.
   715 | D:2      | 715 ||| FLEEEEING.
   716 | D:2      | 716 ||| FLEEEEING.
   720 | D:2      | 720 ||| FLEEEEING.
   817 | D:2      | Reached skill level 7 in Ranged Weapons
  1278 | D:2      | 1278 ||| UPGRADING to +6 ring of dexterity.
  1279 | D:2      | 1279 ||| READING scroll labelled JYLOEJ YTZIBB.
  1280 | D:2      | 1280 ||| READING scroll labelled VAPEN IXUFU.
  1281 | D:2      | 1281 ||| READING scroll labelled UGGAOZ VUBUBA.
  1282 | D:2      | 1282 ||| DRINKING 2 brown potions.
  1283 | D:2      | 1283 ||| DROPPING potion of invisibility.
  1416 | D:3      | Reached XP level 4. HP: 24/25 MP: 6/6
  1533 | D:3      | Reached skill level 8 in Ranged Weapons
  1668 | D:3      | Found a runed translucent door.
  1669 | D:3      | Noticed Crazy Yiuf
  1704 | D:3      | Found a faded altar of an unknown god.
  1860 | D:3      | Found a basalt altar of Yredelemnul.
  1862 | D:3      | Noticed Sigmund
  1872 | D:3      | Killed Sigmund
  1873 | D:3      | Reached skill level 9 in Ranged Weapons
  1873 | D:3      | Reached XP level 5. HP: 20/29 MP: 7/7
  1873 | D:3      | Reached XP level 6. HP: 23/34 MP: 8/8
  2073 | D:3      | Noticed Robin
  2075 | D:3      | Noticed Ijyb
  2076 | D:3      | 2076 ||| Stepping ~*~*~tactically~*~*~ (outnumbered).
  2090 | D:3      | Killed Ijyb
  2108 | D:3      | Killed Robin
  2211 | D:3      | HP: 8/35 [orc/+0 trident (4)]
  2212 | D:3      | 2212 ||| READING scroll of teleportation.
  2214 | D:3      | 2214 ||| FLEEEEING.
  2572 | D:3      | 2572 ||| UPGRADING to +0 helmet.
  2577 | D:3      | 2577 ||| READING scroll labelled KIOGGOPL GUCRO.
  2678 | D:3      | 2678 ||| READING scroll labelled YBYTHR QUINUYM.
  2679 | D:3      | 2679 ||| READING scroll labelled NOITHO JYLUHES.
  2679 | D:3      | Identified a scroll of acquirement
  2679 | D:3      | 2679 ||| ACQUIRING +1 pair of gloves of infusion
  2679 | D:3      | Acquired a +1 pair of gloves of infusion
  2681 | D:3      | 2681 ||| UPGRADING to +1 pair of gloves of infusion.
  2891 | D:4      | Found Eresud's Weapon Shoppe.
  2942 | D:4      | 2942 ||| BUYING +0 shortbow of Qacas {heavy, Will+} (252
                  | gold).
  2942 | D:4      | Bought the +0 shortbow of Qacas {heavy, Will+} for 252 gold
                  | pieces
  2942 | D:4      | 2942 ||| SWAPPING to +0 shortbow of Qacas {heavy, Will+}.
  2943 | D:4      | 2943 ||| DROPPING +0 shortbow.
  3114 | D:4      | Found a glowing silver altar of Zin.
  3114 | D:4      | Noticed an angel
  3213 | D:4      | Reached skill level 1 in Armour
  3281 | D:4      | HP: 8/35 [gnoll/+0 flail (8)]
  3284 | D:4      | HP: 2/35 [gnoll/+0 flail (5)]
  3568 | D:4      | Reached skill level 10 in Ranged Weapons
  3583 | D:4      | Found a radiant altar of Vehumet.
  3845 | D:4      | 3845 ||| UPGRADING to +0 cloak.
  3850 | D:4      | 3850 ||| UPGRADING to ring of protection from cold.
  3851 | D:4      | 3851 ||| DRINKING 2 sedimented blue potions.
  3872 | D:5      | Entered Level 5 of the Dungeon
  3873 | D:5      | 3873 ||| PLANNING OSSUARY
  3888 | D:5      | Reached skill level 3 in Dodging
  3928 | D:5      | Identified the amulet of Poserchake {Reflect Will++ rCorr
                  | Int-4 SH+5}
  4007 | D:5      | Reached XP level 7. HP: 40/40 MP: 9/9
  4021 | D:5      | Found a staircase to the Ecumenical Temple.
  4041 | D:5      | Found a glowing golden altar of the Shining One.
  4080 | D:5      | Found a sand-covered staircase.
  4081 | D:5      | 4081 ||| UPGRADING to amulet of Poserchake {Reflect Will++
                  | rCorr Int-4 SH+5}.
  4086 | D:5      | 4086 ||| UPGRADING to amulet of faith.
  4096 | D:5      | 4096 ||| UPGRADING to ring of protection from fire.
  4098 | D:5      | 4098 ||| DRINKING 2 purple potions.
  4099 | D:5      | 4099 ||| READING 2 scrolls of identify.
  4099 | D:5      | 4099 ||| IDENTIFYING sedimented grey potion
  4100 | D:5      | 4100 ||| DROPPING potion of attraction.
  4105 | Ossuary  | Entered an ossuary
  4183 | Ossuary  | Reached skill level 11 in Ranged Weapons
  4452 | Ossuary  | 4452 ||| READING scroll labelled JOTIMM MOAHEVO.
  4453 | Ossuary  | 4453 ||| READING scroll labelled KYESHA UPTAEPT.
  4454 | Ossuary  | 4454 ||| READING scroll labelled IFINUVVIKH.
  4455 | Ossuary  | 4455 ||| DRINKING 2 fuming sapphire potions.
  4456 | Ossuary  | 4456 ||| DRINKING 2 dark potions.
  4457 | Ossuary  | 4457 ||| READING 3 scrolls of identify.
  4457 | Ossuary  | 4457 ||| IDENTIFYING bubbling yellow potion
  4458 | Ossuary  | 4458 ||| READING 2 scrolls of identify.
  4458 | Ossuary  | 4458 ||| IDENTIFYING glowing green potion
  4459 | Ossuary  | 4459 ||| DROPPING potion of degeneration.
  4471 | D:5      | 4471 ||| PLANNING TEMPLE
  4503 | Temple   | Entered the Ecumenical Temple
  4504 | Temple   | 4504 ||| PLANNING OKAWARU WORSHIP
  4544 | Temple   | Became a worshipper of Warmaster Okawaru
  4545 | Temple   | 4545 ||| PLANNING D:1-11
  4692 | D:5      | 4692 ||| DROPPING ring of resist corrosion.
  4693 | D:5      | 4693 ||| UPGRADING to +5 ring of evasion.
  4695 | D:5      | 4695 ||| DROPPING ring of protection from cold.
  4798 | D:6      | Reached skill level 12 in Ranged Weapons
  4921 | D:6      | 4921 ||| SWAPPING to +0 orcbow.
  4922 | D:6      | 4922 ||| DROPPING +0 shortbow of Qacas {heavy, Will+}.
  5036 | D:6      | Reached * piety under Okawaru
  5037 | D:6      | Reached skill level 3 in Fighting
  5037 | D:6      | Reached XP level 8. HP: 36/46 MP: 10/10
  5037 | D:6      | 5037 ||| INVOKING Heroism.
  5483 | D:6      | Found a burning altar of Makhleb.
  5576 | D:6      | 5576 ||| DROPPING amulet of reflection.
  5577 | D:6      | 5577 ||| DROPPING ring of see invisible.
  5578 | D:6      | 5578 ||| READING scroll labelled URUPSU MEARGHA.
  5579 | D:6      | 5579 ||| READING scroll labelled APHEIC YRCHE.
  5580 | D:6      | 5580 ||| READING scroll labelled XOPOGO UWAPN.
  5610 | D:7      | Reached skill level 1 in Invocations
  5626 | D:7      | Found a bloodstained altar of Trog.
  5661 | D:7      | 5661 ||| READING scroll of enchant weapon.
  5661 | D:7      | 5661 ||| ENCHANTING +0 orcbow of electrocution.
  5693 | D:7      | 5693 ||| INVOKING Heroism.
  5737 | D:7      | 5737 ||| INVOKING Heroism.
  5843 | D:7      | 5843 ||| INVOKING Heroism.
  5849 | D:7      | Reached skill level 13 in Ranged Weapons
  5849 | D:7      | Reached skill level 3 in Invocations
  5910 | D:7      | Found a sparkling altar of Nemelex Xobeh.
  5949 | D:7      | Noticed Menkaure
  5950 | D:7      | 5950 ||| INVOKING Heroism.
  5952 | D:7      | Killed Menkaure
  5954 | D:7      | 5954 ||| Stepping ~*~*~tactically~*~*~ (cloud).
  6154 | D:7      | 6154 ||| READING scroll labelled MEATY FOGAIJYMPA.
  6155 | D:7      | 6155 ||| READING scroll labelled NIALIECSUSH.
  6156 | D:7      | 6156 ||| READING 2 scrolls of identify.
  6156 | D:7      | 6156 ||| IDENTIFYING golden potion
  6233 | D:8      | Noticed Joseph
  6242 | D:8      | Killed Joseph
  6243 | D:8      | Reached skill level 14 in Ranged Weapons
  6243 | D:8      | Reached XP level 9. HP: 46/50 MP: 14/14
  6281 | D:8      | Reached ** piety under Okawaru
  6344 | D:8      | 6344 ||| INVOKING Heroism.
  6360 | D:8      | Found a flagged portal.
  6385 | D:8      | 6385 ||| INVOKING Heroism.
  6417 | D:8      | Noticed Psyche
  6418 | D:8      | 6418 ||| INVOKING Heroism.
  6422 | D:8      | Killed Psyche
  6423 | D:8      | Reached skill level 15 in Ranged Weapons
  6905 | D:8      | 6905 ||| DRINKING 2 fizzy red potions.
  6906 | D:8      | 6906 ||| READING 2 scrolls of identify.
  6906 | D:8      | 6906 ||| IDENTIFYING fizzy golden potion
  6907 | D:8      | 6907 ||| DROPPING potion of brilliance.
  6928 | D:9      | 6928 ||| STAIRDANCE
  6930 | D:8      | 6930 ||| INVOKING Heroism.
  7058 | D:9      | Reached *** piety under Okawaru
  7062 | D:9      | 7062 ||| STAIRDANCE
  7064 | D:8      | 7064 ||| INVOKING Heroism.
  7074 | D:8      | Reached skill level 16 in Ranged Weapons
  7195 | D:9      | 7195 ||| STAIRDANCE
  7197 | D:8      | 7197 ||| INVOKING Heroism.
  7205 | D:8      | Reached XP level 10. HP: 17/57 MP: 13/15
  7354 | D:9      | Noticed a rust devil
  7365 | D:9      | 7365 ||| INVOKING Heroism.
  7374 | D:9      | Reached skill level 6 in Dodging
  7381 | D:9      | 7381 ||| INVOKING Heroism.
  7485 | D:9      | Found a shimmering blue altar of Sif Muna.
  7509 | D:9      | Reached skill level 3 in Armour
  7514 | D:9      | 7514 ||| INVOKING Heroism.
  7623 | D:9      | 7623 ||| Stepping ~*~*~tactically~*~*~ (outnumbered).
  7625 | D:9      | 7625 ||| Stepping ~*~*~tactically~*~*~ (outnumbered).
  7704 | D:9      | Noticed Erica
  7705 | D:9      | 7705 ||| INVOKING Heroism.
  7711 | D:9      | Killed Erica
  7711 | D:9      | Reached **** piety under Okawaru
  7811 | D:9      | 7811 ||| INVOKING Heroism.
  7905 | D:9      | Found an ancient bone altar of Kikubaaqudgha.
  8010 | D:9      | Found Husoudu's Antique Armour Shop.
  8015 | D:9      | 8015 ||| BUYING glowing ring mail (203 gold).
  8015 | D:9      | Bought a glowing ring mail for 203 gold pieces
  8015 | D:9      | 8015 ||| SHOPLISTING pair of runed gloves (217 gold, have
                  | 115).
  8015 | D:9      | 8015 ||| BUYING runed robe (107 gold).
  8015 | D:9      | Bought a runed robe for 107 gold pieces
  8015 | D:9      | 8015 ||| SHOPLISTING shiny ring mail (203 gold, have 8).
  8090 | D:9      | 8090 ||| UPGRADING to +2 ring mail of fire resistance.
  8100 | D:9      | 8100 ||| DROPPING +1 robe of fire resistance.
  8101 | D:9      | 8101 ||| DROPPING amulet of the acrobat.
  8109 | D:10     | Entered Level 10 of the Dungeon
  8142 | D:10     | 8142 ||| INVOKING Heroism.
  8161 | D:10     | Noticed a deep elf pyromancer
  8164 | D:10     | Killed a deep elf pyromancer
  8172 | D:10     | 8172 ||| Stepping ~*~*~tactically~*~*~ (outnumbered).
  8175 | D:10     | Noticed a gargoyle
  8184 | D:10     | 8184 ||| INVOKING Heroism.
  8188 | D:10     | Killed a gargoyle
  8188 | D:10     | Reached ***** piety under Okawaru
  8193 | D:10     | Reached skill level 6 in Invocations
  8354 | D:10     | 8354 ||| DRINKING potion of cancellation.
  8354 | D:10     | Noticed a gargoyle
  8373 | D:10     | Reached skill level 9 in Dodging
  8376 | D:10     | 8376 ||| INVOKING Heroism.
  8377 | D:10     | Received a gift from Okawaru
  8404 | D:10     | Killed a gargoyle
  8405 | D:10     | Reached XP level 11. HP: 21/64 MP: 16/18
  8547 | D:10     | 8547 ||| SWAPPING to +5 orcbow of draining.
  8548 | D:10     | 8548 ||| DROPPING +1 orcbow of electrocution.
  8651 | D:10     | 8651 ||| INVOKING Heroism.
  8789 | D:10     | Noticed Harold
  8790 | D:10     | 8790 ||| INVOKING Heroism.
  8808 | D:10     | Killed Harold
  8809 | D:10     | Reached skill level 6 in Fighting
  8957 | D:10     | 8957 ||| INVOKING Heroism.
  8996 | D:10     | Found a hide-covered altar of Uskayaw.
  9030 | D:10     | 9030 ||| Stepping ~*~*~tactically~*~*~ (outnumbered).
  9035 | D:10     | 9035 ||| Stepping ~*~*~tactically~*~*~ (outnumbered).
  9168 | D:10     | 9168 ||| INVOKING Heroism.
  9206 | D:10     | 9206 ||| INVOKING Heroism.
  9347 | D:10     | Found a staircase to the Lair.
  9660 | D:10     | 9660 ||| INVOKING Heroism.
  9668 | D:10     | HP: 14/64 [efreet/fireball (8)]
  9669 | D:10     | 9669 ||| READING 4 scrolls of teleportation.
  9669 | D:10     | HP: 2/64 [efreet/fireball (12)]
  9670 | D:10     | 9670 ||| DRINKING 2 potions of heal wounds.
  9799 | D:10     | 9799 ||| UPGRADING to +1 cloak.
  9809 | D:10     | 9809 ||| PLANNING LAIR
  9809 | D:10     | 9809 ||| DROPPING +0 cloak.
  9898 | Lair:1   | Entered Level 1 of the Lair of Beasts
  9930 | Lair:1   | 9930 ||| INVOKING Heroism.
  9951 | Lair:1   | Reached skill level 9 in Invocations
 10131 | Lair:1   | 10131 ||| INVOKING Heroism.
 10139 | Lair:1   | HP: 15/66 [dream sheep (5)]
 10140 | Lair:1   | 10140 ||| READING 3 scrolls of teleportation.
 10141 | Lair:1   | 10141 ||| DRINKING 2 potions of heal wounds.
 10143 | Lair:1   | HP: 5/66 [dream sheep (6)]
 10144 | Lair:1   | 10144 ||| DRINKING potion of heal wounds.
 10476 | Lair:1   | 10476 ||| INVOKING Heroism.
 10480 | Lair:1   | HP: 15/67 [yak (10)]
 10481 | Lair:1   | 10481 ||| READING 2 scrolls of teleportation.
 10483 | Lair:1   | Annihilated by a yak

Levels and vault maps discovered:
D:1:      matt_arrival_refuge, layout_basic
D:2:      layout_basic
D:3:      layout_loops_cross, lemuel_round_altar,
          shapermc_ecumenical_altar_mp_ritualfount, nicolae_goblin_pals,
          uniq_sigmund, uniq_crazy_yiuf_cottage
D:4:      kennysheep_six_static_rooms, layout_basic,
          mainiacjoe_overflow_alcove_4, zin_angel, serial_shops,
          nicolae_shop_window_shopping
D:5:      layout_rooms, mainiacjoe_overflow_small_starburst, temple_fountains,
          nicolae_ossuary_entry_false_entrances,
          eino_small_chamber_without_monster
D:6:      layout_loops_cross, makhleb_altar_promises_db
D:7:      layout_rooms, kennysheep_little_box, trog_three_pillars_becter,
          uniq_menkaure
D:8:      layout_basic, enter_bailey_2, abandoned_shop, st_stairs_4,
          uniq_psyche, uniq_joseph
D:9:      layout_rooms, mainiacjoe_overflow_catwalk,
          mainiacjoe_overflow_cross_hatched, serial_shops,
          nicolae_shop_hallway_plus, serial_bayou_pond_e, uniq_erica
D:10:     layout_irregular_city, nicolae_uskayaw_dance_hall, erik_lair_dragon,
          dilly_guarded_unrand_elemental_staff, uniq_harold
Temple:   nicolae_temple_ecumenical_triangle
Lair:1:   layout_regular_city, minivault_19, chequers_serial_rivers_small_a,
          grunt_megastairs_3

Skill      XL: |  1  2  3  4  5  6  7  8  9 10 11 |
---------------+----------------------------------+-----
Ranged Weapons | 6 7 9 10 12 14 16 | 16.0
Fighting       | 2 3 4 5 7 |  7.0
Armour         | 1 2 3 |  3.0
Dodging        | 3 4 5 9 10 | 10.6
Invocations    | 4 6 10 | 10.0
Stealth        | |  1.2

Action                     |  1- 3 |  4- 6 |  7- 9 | 10-12 || total
---------------------------+-------+-------+-------+-------++-------
  Melee: Unarmed           |       |     9 |       |       ||     9
   Fire: Shortbow          |    98 |   156 |    96 |       ||   350
         Orcbow            |       |       |   185 |   336 ||   521
 Invoke: Heroism           |       |       |    11 |    17 ||    28
    Use: Scroll            |     5 |     4 |    14 |     3 ||    26
         Potion            |     1 |     1 |     4 |     4 ||    10
 Armour: Leather armour    |     5 |       |       |       ||     5
         Scale mail        |    11 |    40 |    41 |    19 ||   111
         Skin              |       |     2 |       |       ||     2
         Ring mail         |       |       |       |    29 ||    29
  Dodge: Dodged            |    16 |    62 |   112 |   234 ||   424

Table legend:
 A = Non-vault XP
 B = Vault XP
 C = Vault XP percentage of total XP
 D = Non-vault monster count
 E = Vault monster count
 F = Vault count percentage of total count
                 A         B        C        D         E       F
            +---------+---------+-------+---------+---------+-------
      Total |   10649 |   10141 |  48.8 |     188 |      78 |  29.3
            +---------+---------+-------+---------+---------+-------
        D:1 |      39 |       0 |   0.0 |      22 |       0 |   0.0
        D:2 |      48 |       0 |   0.0 |      14 |       0 |   0.0
        D:3 |     100 |     295 |  74.7 |      20 |       9 |  31.0
        D:4 |      74 |      12 |  14.0 |      12 |       6 |  33.3
        D:5 |     258 |       0 |   0.0 |      11 |       0 |   0.0
        D:6 |     583 |       0 |   0.0 |      17 |       0 |   0.0
        D:7 |     913 |     175 |  16.1 |      15 |       1 |   6.2
        D:8 |    1805 |     887 |  32.9 |      18 |       4 |  18.2
        D:9 |    1513 |     836 |  35.6 |      19 |       1 |   5.0
       D:10 |    2148 |    6016 |  73.7 |      26 |      18 |  40.9
     Lair:1 |    3168 |    1666 |  34.5 |      14 |       7 |  33.3
    Ossuary |       0 |     254 | 100.0 |       0 |      32 | 100.0
            +---------+---------+-------+---------+---------+-------
